 Dungeon Crawl Stone Soup version 0.29.1-2-gbd0b4ee654 (webtiles) character file.

Game seed: 15335562305174842280

394 KittyFluff the Cudgeller (level 6, 0/58 HPs)
             Began as a Gargoyle Berserker on Nov 24, 2022.
             Was a Priest of Trog.
             Slain by a mummy (16 damage)
             ... in an ossuary.
             The game lasted 00:17:25 (4627 turns).

KittyFluff the Cudgeller (Gargoyle Berserker)       Turns: 4627, Time: 00:17:26

Health: 0/58       AC:  6    Str: 21    XL:     6   Next: 81%
Magic:  6/6        EV: 12    Int:  7    God:    Trog [***...]
Gold:   146        SH:  0    Dex: 11    Spells: 5/5 levels left

rFire   . . .      SeeInvis .   j - +0 demon whip (venom)
rCold   . . .      Faith    .   (no shield)
rNeg    + . .      Spirit   .   b - +0 animal skin
rPois   ∞          Reflect  .   (no helmet)
rElec   +          Harm     .   (no cloak)
rCorr   .          Rampage  .   (no gloves)
Will    +....                   (no boots)
Stlth   ..........              (no amulet)
HPRegen 0.19/turn               g - ring of willpower
MPRegen 0.10/turn               (no ring)

@: berserking, marked, very quick
A: sickness immunity, AC +4, negative energy resistance 1, electricity
resistance, torment resistance 1, petrification resistance
a: Renounce Religion, Berserk, Trog's Hand


You were in an ossuary.
You worshipped Trog.
Trog was most pleased with you.
You visited 1 branch of the dungeon, and saw 4 of its levels.
You also visited: Ossuary.

You collected 206 gold pieces.
You spent 60 gold pieces at shops.

Inventory:

Hand Weapons
 j - a +0 demon whip of venom (weapon)
 s - a +0 sling
 v - a +1 mace of draining
Missiles
 e - 7 poisoned darts
 u - 6 boomerangs (quivered)
Armour
 a - a +0 leather armour
 b - a +0 animal skin (worn)
 l - a +0 pair of gloves
Magical Staves
 t - a staff of air
Jewellery
 g - a ring of willpower (left hand)
Scrolls
 c - a scroll of magic mapping {unknown}
 h - 2 scrolls of teleportation
 k - a scroll of vulnerability {unknown}
 m - a scroll of fear {unknown}
 n - 2 scrolls of noise
Potions
 d - 2 potions of attraction
 f - a potion of heal wounds {unknown}
 i - 3 potions of degeneration
 o - 3 potions of curing {unknown}
 p - a potion of invisibility {unknown}
 q - 2 potions of magic {unknown}
 r - 2 potions of lignification {unknown}
 w - a potion of flight {unknown}


   Skills:
 + Level 4.7 Fighting
 + Level 5.2 Maces & Flails
 * Level 3.7 Armour
 + Level 2.4 Dodging
 + Level 1.8 Stealth


You had 5 spell levels left.
You didn't know any spells.
Your spell library was empty.

Dungeon Overview and Level Annotations

Branches:
Dungeon (4/15)            Ossuary (1/1)
 Temple: D:4-7

Altars:
Makhleb

Shops:
D:2 ?


Innate Abilities, Weirdness & Mutations

You are immune to sickness and miasma.
Your stone body is resilient. (AC +4)
You are immune to poison.
You resist negative energy. (rN+)
You are resistant to electric shocks. (rElec)
You are resistant to unholy torment.
You are immune to petrification.


Message History

The human zombie hits you. The mummy hits you!
You whack the human zombie!
The human zombie is heavily damaged.
The adder zombie closely misses you.
You hit the mummy but do no damage.
The adder zombie bites you but does no damage.
The mummy barely misses you.
A red film seems to cover your vision as you go berserk!
You feel yourself moving faster!
You feel mighty!
A rat zombie comes into view.
The adder zombie barely misses you.
A kobold zombie comes into view.
You whack the mummy!
The mummy is moderately damaged.
The adder zombie bites you but does no damage.
You completely miss the mummy.
The mummy is moderately damaged.
The mummy closely misses you. The mummy barely misses you.
You whack the mummy!
The mummy is severely damaged.
The adder zombie bites you.
You closely miss the mummy.
The mummy is severely damaged.
A kobold zombie comes into view.
The adder zombie bites you.
You whack the mummy!
You destroy the mummy!
Trog accepts your kill. The mummy hits you!
* * * LOW HITPOINT WARNING * * *
You whack the adder zombie!
The adder zombie is severely damaged.
The adder zombie bites you but does no damage. x2
You hit the adder zombie.
The adder zombie is almost destroyed.
You whack the adder zombie!
You destroy the adder zombie!
Trog accepts your kill. The adder zombie barely misses you. The mummy hits you!
You die...

######################
#....................#
#.......ZZ...........#
#......ZM8Z.8........#
#.......@.ZZ.........#
#...######ZZ######...#
#...# #..# #...# #...#
#.^# #...# #...# #..#
#...# #...# .... #...#
#...# ....## #...#
#...# ....# #...#
#...# ....# #...#


You could see a mummy, an adder zombie, a rat zombie, a jackal zombie, a goblin
zombie, a hobgoblin zombie, 2 kobold zombies and a human zombie.

Vanquished Creatures
  An ogre (D:4)
  2 centaur zombies (Ossuary)
  2 orc wizards (D:3)
  A mummy (Ossuary)
  2 adders
  4 gnolls (D:2)
  An adder zombie (Ossuary)
  2 worms
  4 dart slugs
  6 orcs (D:3)
  2 ball pythons
  7 bats
  3 endoplasms
  4 giant cockroaches
  7 hobgoblins
  3 jackals (D:1)
  11 kobolds
  6 quokkas
  3 frilled lizards
  9 goblins
  8 hobgoblin zombies (Ossuary)
  A jackal zombie (Ossuary)
  11 kobold zombies (Ossuary)
  5 orc zombies (Ossuary)
  4 rats
109 creatures vanquished.

Notes
Turn   | Place    | Note
-------+----------+-------------------------------------------
     0 | D:1      | KittyFluff the Gargoyle Berserker began the quest for the
                  | Orb.
     0 | D:1      | Reached XP level 1. HP: 14/14 MP: 1/1
    61 | D:1      | Reached XP level 2. HP: 4/19 MP: 2/2
   589 | D:1      | Reached XP level 3. HP: 13/24 MP: 3/3
  1112 | D:1      | Found a faded altar of an unknown god.
  1187 | D:1      | Reached ** piety under Trog
  1660 | D:2      | Found Joos's Magic Scroll Shoppe.
  1681 | D:2      | Bought a scroll of teleportation for 30 gold pieces
  1681 | D:2      | Bought a scroll of identify for 20 gold pieces
  1681 | D:2      | Bought a scroll of noise for 10 gold pieces
  1821 | D:2      | Reached XP level 4. HP: 21/29 MP: 4/4
  1831 | D:2      | Reached skill level 1 in Stealth
  3095 | D:3      | Reached XP level 5. HP: 32/33 MP: 5/5
  3401 | D:3      | Reached skill level 4 in Maces & Flails
  3825 | D:3      | Found a burning altar of Makhleb.
  4325 | D:4      | Noticed an ogre
  4334 | D:4      | Killed an ogre
  4335 | D:4      | Reached XP level 6. HP: 23/39 MP: 6/6
  4416 | D:4      | Found a sand-covered staircase.
  4426 | Ossuary  | Entered an ossuary
  4539 | Ossuary  | Reached *** piety under Trog
  4606 | Ossuary  | Reached skill level 5 in Maces & Flails
  4627 | Ossuary  | Slain by a mummy

Illustrated notes

Levels and vault maps discovered:
D:1:      erik_arrival_cave_to_civilisation [erik_arrival_cave_to_hall],
          layout_loops_ring, ebering_ecumenical_altar_hall, minmay_distorted
D:2:      layout_basic, serial_shops, shop, nicolae_eternal_life
D:3:      layout_basic, mainiacjoe_overflow_paths, kennysheep_generic_room_9
D:4:      layout_basic, mainiacjoe_overflow_tiny_flanked,
          chequers_ossuary_entry_cave, chequers_serial_rivers_room_a,
          moated_statue
Ossuary:  ossuary_tomb_1

Skill      XL: |  1  2  3  4  5  6 |
---------------+-------------------+-----
Fighting       | 4 |  4.7
Dodging        | 2 |  2.4
Stealth        | 1 |  1.8
Armour         | 3 |  3.7
Maces & Flails | 4 5 |  5.2

Action                   |  1- 3 |  4- 6 || total
-------------------------+-------+-------++-------
Melee: Mace              |    84 |       ||    84
       Demon whip        |    24 |   207 ||   231
       Punch             |       |     2 ||     2
Invok: Berserk           |     1 |     4 ||     5
  Use: Scroll            |       |     2 ||     2
 Stab: Sleeping          |       |     1 ||     1
Armor: Animal skin       |    47 |    64 ||   111
Dodge: Dodged            |    84 |   119 ||   203
